 Dungeon Crawl Stone Soup version 0.29-a0-520-gc852659d43 (webtiles) character file.

Game seed: 14520473165055221643

14 HoaS the Bolt Thrower (level 2, 0/17 HPs)
             Began as a Kobold Hunter on May 31, 2022.
             Constricted to death by a ball python (1 damage)
             ... on level 1 of the Dungeon.
             The game lasted 00:00:34 (388 turns).

HoaS the Bolt Thrower (Kobold Hunter)                Turns: 388, Time: 00:00:34

Health: 0/17       AC:  3    Str:  8    XL:     2   Next: 55%
Magic:  2/2        EV: 11    Int: 10    God:
Gold:   49         SH:  0    Dex: 18    Spells: 1/1 levels left

rFire   . . .      SeeInvis .   a - +1 hand crossbow
rCold   . . .      Faith    .   (no shield)
rNeg    . . .      Spirit   .   b - +0 leather armour
rPois   .          Reflect  .   (no helmet)
rElec   .          Harm     .   (no cloak)
rCorr   .          Rampage  .   (no gloves)
Will    .....                   (no boots)
Stlth   +++.......              (no amulet)
HPRegen 0.05/turn               (no ring)
MPRegen 0.08/turn               (no ring)

@: constricted
A: small, no large weapons, nightstalker 3
a: no special abilities


You were on level 1 of the Dungeon.
You visited 1 branch of the dungeon, and saw 1 of its levels.

You collected 49 gold pieces.

Inventory:

Hand Weapons
 a - a +1 hand crossbow (weapon)
Armour
 b - a +0 leather armour (worn)
Scrolls
 c - a scroll of immolation
Potions
 d - a potion of curing {unknown}


   Skills:
 - Level 2.1 Fighting
 + Level 6.1 Crossbows
 - Level 2.4 Dodging
 - Level 1.3 Stealth


You had one spell level left.
You didn't know any spells.
Your spell library was empty.

Dungeon Overview and Level Annotations

Branches:
Dungeon (1/15)

Altars:

Shops:
D:1 *


Innate Abilities, Weirdness & Mutations

You are small and have problems with some larger weapons.
You are completely attuned to the shadows.


Message History

The kobold hits you but does no damage.
You shoot a bolt. The bolt hits the kobold.
The kobold is severely wounded.
The goblin hits you with a +0 club.
The kobold hits you with a +0 short sword.
You shoot a bolt. The bolt barely misses the kobold.
The goblin hits you with a +0 club. The kobold closely misses you.
The goblin hits you with a +0 club. The kobold closely misses you.
You are too injured to fight recklessly!
You are too injured to fight recklessly!
You are too injured to fight recklessly!
Shoot: a) +1 hand crossbow
Press: ? - help, Q - select action Shift-Dir - straight line, f/p - kobold
Aim: a kobold, wielding a +0 short sword and quivering stones (severely wounded, 61% to hit)
You shoot a bolt. The bolt misses the kobold.
A ball python comes into view.
The goblin misses you.
The kobold hits you with a +0 short sword.
* * * LOW HITPOINT WARNING * * *
Shoot: a) +1 hand crossbow
Press: ? - help, Q - select action Shift-Dir - straight line, f/p - kobold
Aim: a kobold, wielding a +0 short sword and quivering stones (severely wounded, 61% to hit)
You shoot a bolt. The bolt barely misses the kobold.
The ball python hisses angrily.
The kobold closely misses you. The goblin barely misses you.
Shoot: a) +1 hand crossbow
Press: ? - help, Q - select action Shift-Dir - straight line, f/p - kobold
Aim: a kobold, wielding a +0 short sword and quivering stones (severely wounded, 61% to hit)
You shoot a bolt. The bolt closely misses the kobold.
The bolt closely misses the ball python.
The goblin hits you with a +0 club.
* * * LOW HITPOINT WARNING * * *
The kobold closely misses you.
Shoot: a) +1 hand crossbow
Press: ? - help, Q - select action Shift-Dir - straight line, f/p - kobold
Aim: a kobold, wielding a +0 short sword and quivering stones (severely wounded, 61% to hit)
You shoot a bolt. The bolt barely misses the kobold.
The ball python completely misses you. The ball python grabs you.
The ball python constricts you.
You die...

#.# #.# #.# .# #.#
######### .. #.#
...(.....# #### #.#
.).......# .... ###.#
.........############
...>#
.....................
#...#
....@....############
..### ...gKS...# ###
.........# .........#
.........


You could see a goblin, a ball python and a kobold.

Vanquished Creatures
  A dart slug (D:1)
  A bat (D:1)
  2 endoplasms (D:1)
  A giant cockroach (D:1)
  A goblin (D:1)
  A hobgoblin (D:1)
  2 kobolds (D:1)
  2 rats (D:1)
11 creatures vanquished.

Notes
Turn   | Place    | Note
-------+----------+-------------------------------------------
     0 | D:1      | HoaS the Kobold Hunter began the quest for the Orb.
     0 | D:1      | Reached XP level 1. HP: 12/12 MP: 1/1
   128 | D:1      | Found Zugusungi's Assorted Antiques.
   260 | D:1      | Reached XP level 2. HP: 17/17 MP: 2/2
   272 | D:1      | Reached skill level 6 in Crossbows
   388 | D:1      | Constricted to death by a ball python

Illustrated notes

Levels and vault maps discovered:
D:1:      zaba_arrival_water, layout_basic, serial_shops,
          nicolae_shop_window_shopping

Skill      XL: |  1  2 |
---------------+-------+-----
Crossbows      | 6 |  6.1
Fighting       | |  2.1
Dodging        | |  2.4
Stealth        | |  1.3

Action                   || total
-------------------------++-------
 Fire: Hand crossbow     ||    26
Armor: Leather armour    ||     4
Dodge: Dodged            ||     7

Table legend: (Time is in decaauts)
 A = Elapsed time spent in this place.
 B = Non-inter-level travel time spent in this place.
 C = Inter-level travel time spent in this place.
 D = Time resting spent in this place.
 E = Time spent auto-exploring this place.
 F = Levels seen in this place.
 G = Mean time per level.
                   A        B        C        D        E       F      G
               +--------+--------+--------+--------+--------+-----+--------+
         Total |    416 |    416 |      0 |      0 |    364 |   1 |  416.0 |
       Dungeon |    416 |    416 |      0 |      0 |    364 |   1 |  416.0 |
               +--------+--------+--------+--------+--------+-----+--------+

Top non-repeatable levels by time:
     D:1: 416 daAuts
